 Dungeon Crawl Stone Soup version 0.28-a0-563-gf77a47075d (webtiles) character file.

Game seed: 681235440885272755

249 omnomnOMINOUS the Digger (level 6, -5/42 HPs)
             Began as an Octopode Wanderer on Sept 29, 2021.
             Was a Believer of Okawaru.
             Killed by divine providence
             ... invoked by an orc priest
              (13 damage)
             ... on level 4 of the Dungeon.
             The game lasted 00:06:59 (4343 turns).

omnomnOMINOUS the Digger (Octopode Wanderer)        Turns: 4343, Time: 00:07:00

Health: -5/42      AC:  1    Str: 11    XL:     6   Next: 12%
Magic:  8/8        EV: 13    Int: 16    God:    Okawaru [**....]
Gold:   139        SH:  0    Dex: 12    Spells: 7/7 levels left

rFire   . . .      SeeInvis .   a - +0 trident
rCold   . . .      Faith    .   (no shield)
rNeg    . . .      Spirit   .   (helmet restricted)
rPois   .          Reflect  .   (no amulet)
rElec   .          Harm     .   (no ring)
rCorr   .          Rampage  .   (no ring)
Will    .....                   (no ring)
Stlth   +++.......              (no ring)
HPRegen 0.14/turn               (no ring)
MPRegen 0.11/turn               (no ring)
                                (no ring)
                                (no ring)

@: no status effects
A: almost no armour, amphibious, 8 rings, camouflage 1, gelatinous body 1,
(nimble swimmer 1), tentacles
a: Renounce Religion, Heroism


You were on level 4 of the Dungeon.
You worshipped Okawaru.
Okawaru was pleased with you.
You visited 1 branch of the dungeon, and saw 4 of its levels.

You collected 139 gold pieces.

Inventory:

Hand Weapons
 a - a +0 trident (weapon)
 c - a +0 dagger of venom
 d - a +4 flail
 i - a +0 hand axe
 n - a +2 hand crossbow
Missiles
 g - 3 curare-tipped darts (quivered)
 m - 28 bolts
Magical Staves
 b - a staff of fire
Wands
 k - a wand of digging (5)
Scrolls
 e - 2 scrolls of magic mapping {unknown}
 f - a scroll of identify {unknown}
 l - a scroll of enchant armour {unknown}
 q - 2 scrolls of teleportation {unknown}
Potions
 h - 3 potions of flight {unknown}
 j - a potion of haste {unknown}
 o - a potion of ambrosia {unknown}
 p - 2 potions of curing {unknown}


   Skills:
 + Level 3.0 Fighting
 + Level 2.2 Polearms
 - Level 2.0 Crossbows
 + Level 2.7 Dodging
 - Level 1.3 Stealth
 - Level 1.0 Spellcasting
 - Level 1.0 Hexes
 - Level 4.0 Earth Magic
 + Level 2.7 Invocations
 - Level 1.1 Evocations


You had 7 spell levels left.
You didn't know any spells.
Your spell library was empty.

Dungeon Overview and Level Annotations

Branches:
Dungeon (4/15)
 Temple: D:4-7

Altars:
Kikubaaqudgha
Nemelex Xobeh
Okawaru


Innate Abilities, Weirdness & Mutations

You cannot wear most types of armour.
You are amphibious.
You can wear up to eight rings at the same time.
Your skin changes colour to match your surroundings (Stealth+).
Your rubbery body absorbs attacks. (AC +1, EV +1)
((You are camouflaged near water. (Stealth+)))
You have tentacles for arms and can constrict up to eight enemies at once.


Message History

The iguana is moderately wounded.
You constrict the iguana, but do no damage.
The iguana bites you.
You hit the iguana.
The iguana is heavily wounded.
You constrict the iguana, but do no damage.
The iguana bites you! The iguana closely misses you.
You hit the iguana but do no damage.
The iguana is heavily wounded.
You constrict the iguana, but do no damage.
The iguana barely misses you.
You hit the iguana but do no damage.
The iguana is heavily wounded.
You constrict the iguana. The iguana barely misses you.
You hit the iguana but do no damage.
The iguana is severely wounded.
You constrict the iguana. The iguana bites you!
You hit the iguana but do no damage. You squeeze the iguana.
The iguana is severely wounded.
You constrict the iguana. The iguana bites you!
* * * LOW HITPOINT WARNING * * *
You hit the iguana.
You kill the iguana!
Okawaru accepts your kill.
Your Fighting skill increases to level 3!
You have reached level 6!
Your experience leads to an increase in your attributes!
Increase (S)trength, (I)ntelligence, or (D)exterity?
You feel clever.
You start resting.
Magic restored.
You start resting.
A scorpion is nearby!
An orc priest comes into view.
It is wielding a +0 dagger. 2 orcs come into view.
The orc priest shouts!
You hear a shout!
An orc wizard comes into view. It is wielding a +0 dagger.
The orc priest mumbles some strange prayers to Beogh against you.
Beogh smites you!
You die...

..................###
.......#.....#..o....≈
#......#....#....#..........≈
..............#.....#..>..#
........................#
##.......................#
...#....#.#+#+...........#
...#....#†#.#+............#
...#....#.#'#+..@.....#.....
.......<#......####...#......
...............# #.......###
.##............# ###.....#
#.......#+#....# .....#
#.......# .....# .....
.........#........ ####
#.....###.#........# +..s..+
...........#


You could see an orc priest.

Vanquished Creatures
  An orc priest (D:3)
  2 iguanas (D:4)
  An orc wizard (D:3)
  5 adders
  An adder skeleton (D:4)
  2 worms (D:2)
  A dart slug (D:1)
  5 orcs
  6 ball pythons
  5 endoplasms
  7 giant cockroaches
  4 goblins
  11 hobgoblins
  7 kobolds
  3 quokkas
  9 bats
  2 frilled lizards (D:1)
  4 rats
76 creatures vanquished.

Vanquished Creatures (others)
  2 plants (D:2)
2 creatures vanquished.

Grand Total: 78 creatures vanquished

Notes
Turn   | Place    | Note
-------+----------+-------------------------------------------
     0 | D:1      | omnomnOMINOUS the Octopode Wanderer began the quest for the
                  | Orb.
     0 | D:1      | omnomnOMINOUS set off with the following items: a +2 hand
                  | crossbow, 28 bolts, a +0 hand axe
     0 | D:1      | Reached XP level 1. HP: 13/13 MP: 1/1
   182 | D:1      | Reached XP level 2. HP: 3/18 MP: 2/2
   507 | D:1      | Found a faded altar of an unknown god.
   516 | D:1      | Became a worshipper of Warmaster Okawaru
   516 | D:1      | Reached * piety under Okawaru
   619 | D:1      | Reached skill level 1 in Dodging
   746 | D:1      | Reached skill level 1 in Spellcasting
  1468 | D:2      | Reached XP level 3. HP: 21/24 MP: 4/4
  1761 | D:2      | Reached skill level 1 in Invocations
  2057 | D:2      | Reached skill level 1 in Polearms
  2057 | D:2      | Reached XP level 4. HP: 15/29 MP: 5/5
  3109 | D:3      | Reached XP level 5. HP: 25/35 MP: 6/6
  3275 | D:3      | Found an ancient bone altar of Kikubaaqudgha.
  3471 | D:3      | Found a sparkling altar of Nemelex Xobeh.
  3841 | D:3      | Reached ** piety under Okawaru
  4301 | D:4      | Reached XP level 6. HP: 2/42 MP: 6/8
  4343 | D:4      | Killed from afar by an orc priest

Illustrated notes

Levels and vault maps discovered:
D:1:      minmay_arrival_four_houses, layout_loops_ring,
          ebering_ecumenical_altar_mist
D:2:      minmay_diamond_boxcup, layout_loops_corners, serial_bayou_ford_a
D:3:      layout_rooms, mainiacjoe_overflow_tiny_flanked, nemelex_altar_shiori
D:4:      layout_basic, nicolae_wu_jian_glorious_leap, temple_fountains,
          minmay_misc_feat_five, fountainhead, nicolae_stop_n_shop_2,
          minmay_misc_feat_pillars

Skill      XL: |  1  2  3  4  5 |
---------------+----------------+-----
Dodging        | 1 2 |  2.7
Spellcasting   | 1 |  1.0
Invocations    | 1 2 |  2.7
Fighting       | 2 3 |  3.0
Polearms       | 1 2 |  2.2
Crossbows      | |  2.0
Stealth        | |  1.3
Hexes          | |  1.0
Earth Magic    | |  4.0
Evocations     | |  1.1

Action                   |  1- 3 |  4- 6 || total
-------------------------+-------+-------++-------
Melee: Hand axe          |    30 |       ||    30
       Constrict         |    22 |    19 ||    41
       Trident           |    56 |    95 ||   151
       Tentacles         |     6 |    13 ||    19
 Fire: Hand crossbow     |     2 |       ||     2
  Use: Potion            |     1 |       ||     1
 Stab: Sleeping          |     5 |    18 ||    23
Armor: Skin              |     7 |       ||     7
Dodge: Dodged            |    44 |    31 ||    75

Table legend: (Time is in decaauts)
 A = Elapsed time spent in this place.
 B = Non-inter-level travel time spent in this place.
 C = Inter-level travel time spent in this place.
 D = Time resting spent in this place.
 E = Time spent auto-exploring this place.
 F = Levels seen in this place.
 G = Mean time per level.
                   A        B        C        D        E       F      G
               +--------+--------+--------+--------+--------+-----+--------+
         Total |   4388 |   4262 |    126 |    909 |   2792 |   4 | 1097.0 |
       Dungeon |   4388 |   4262 |    126 |    909 |   2792 |   4 | 1097.0 |
               +--------+--------+--------+--------+--------+-----+--------+

Top non-repeatable levels by time:
     D:2: 1815 daAuts
     D:1: 1384 daAuts
     D:3: 989 daAuts
     D:4: 198 daAuts
